 Dungeon Sprint DCSS version 0.31-a0-43-g46d131a48f (webtiles) character file.

Game seed: 12420506519786495874

5600000 bmack86 the Conqueror (level 23, -12/219 HPs)
             Began as a Demonspawn Gladiator on May 19, 2023.
             Was the Champion of Makhleb.
             Mangled by a sculptor of flesh
             ... wielding a +9 great sword
              (231 damage)
             ... in the Dungeon (Sprint VIII: "Arena of Blood").
             The game lasted 00:05:45 (56 turns).

bmack86 the Conqueror (Demonspawn Gladiator)          Turns: 56, Time: 00:05:46

Health: -12/219    AC:  6    Str: 24    XL:     23   Next: 2%
Magic:  24/54      EV: 28    Int: 10    God:    Makhleb [******]
Gold:   0          SH:  0    Dex: 16    Spells: 76/76 levels left

rFire   . . .        l - +∞ Axe of Woe
rCold   . . .        (shield currently unavailable)
rNeg    . . .        b - +0 leather armour
rPois   .            (helmet unavailable)
rElec   .            (cloak unavailable)
rCorr   .            (gloves unavailable)
SInv    +            (no boots)
Will    +....        (no amulet)
Stlth   +++++++++    (no ring)
HPRegen 11.56/turn   (no ring)
MPRegen 0.34/turn

%: no teleportation
@: no status effects
A: antennae 3, powered by death 3, spiny 2, black mark, bedeviling, weakness
stinger 3, demonic touch 3
a: Renounce Religion, Minor Destruction, Lesser Servant of Makhleb, Major
Destruction, Greater Servant of Makhleb


You were in the Dungeon.
You worshipped Makhleb.
Makhleb was exalted by your worship.
You visited 1 branch

Inventory:

Hand Weapons
 a - a +0 war axe
 l - the +∞ Axe of Woe (weapon)
   (You found it in the Dungeon)
Missiles
 d - 2 throwing nets (quivered)
 e - a javelin
Armour
 b - a +0 leather armour (worn)
 c - a +0 helmet
Potions
 f - a potion of curing
 g - a potion of heal wounds
 h - a potion of haste
 i - 2 potions of magic
 j - a potion of berserk rage


   Skills:
 O Level 27 Fighting
 + Level 9.7(11.5) Short Blades
 + Level 9.8(11.5) Long Blades
 O Level 27 Axes
 O Level 27 Maces & Flails
 O Level 27 Polearms
 + Level 9.7(25.9) Staves
 + Level 9.8 Ranged Weapons
 O Level 27 Throwing
 O Level 27 Armour
 O Level 27 Dodging
 O Level 27 Stealth
 + Level 9.8 Shields
 O Level 27 Unarmed Combat
 O Level 27 Spellcasting
 O Level 27 Invocations
 + Level 10.5 Evocations


You had 76 spell levels left.
You didn't know any spells.
Your spell library was empty.

Dungeon Overview and Level Annotations

Branches:
Dungeon (1/1)

Altars:
Makhleb


Innate Abilities, Weirdness & Mutations

You have a pair of large antennae on your head. (SInv)
You regenerate a lot of health from kills.
You are mostly covered in sharp spines.
Your melee attacks may debilitate your foes.
Your hexes are more powerful.
You have a sharp stinger which inflicts weakening toxins.
Your touch may irresistibly damage your foes and sap their willpower.


Message History

The destroyer blinks!
You hear a shout! x9
You hit the meat berserker but do no damage.
You cleave the meat berserker in twain.
You kill the meat berserker!
Makhleb accepts your kill.
You hear a shout! x2
A meat berserker comes into view. It is wielding a +9 battleaxe.
You hear a shout! x2
Your base Short Blades skill gained 2 levels and is now at level 7!
Your base Long Blades skill gained 2 levels and is now at level 7!
Your base Staves skill gained 2 levels and is now at level 7!
Your Ranged Weapons skill gained 2 levels and is now at level 7!
Your Shields skill gained 2 levels and is now at level 7!
Your Evocations skill gained 3 levels and is now at level 8!
You throw a throwing net.
The throwing net hits the large bag of meat.
The large bag of meat is caught in the net!
The large bag of meat is lightly wounded.
You hear a shout! x3
The large bag of meat struggles against the net.
You hear a shout! x4
You dice the meat berserker like an onion!!!
You cleave the meat berserker in twain.
You kill the meat berserker!
Makhleb accepts your kill.
You hear a shout! x6
Your base Short Blades skill gained 2 levels and is now at level 9!
Your base Long Blades skill gained 2 levels and is now at level 9!
Your base Staves skill gained 2 levels and is now at level 9!
Your Ranged Weapons skill gained 2 levels and is now at level 9!
Your Shields skill gained 2 levels and is now at level 9!
Your Evocations skill gained 2 levels and is now at level 10!
You have reached level 23!
Your demonic ancestry asserts itself...
Sharp spines emerge from more of your body.
The large bag of meat struggles against the net.
The sculptor of flesh hits you with a +9 great sword!!!!!
Ouch! That really hurt!
You die...

#################
##......)=.O@....#
.........).z).......#
......##.##V#####....
......☼°{).o.... ...
##...)☼##.##{.. .
.......§☼°.....M..
#......{{).#.#....
#.....O...........
#..........V....


You could see a destroyer, a sculptor of flesh, a large bag of meat (inner
flame, caught) and a bag of meat.

Vanquished Creatures
  6 vampire knights (D)
  14 ogres (D)
  3 two-headed ogres (D)
  38 orcs (D)
61 creatures vanquished.

Notes
Turn   | Place    | Note
-------+----------+-------------------------------------------
     0 | D        | Found the +∞ Axe of Woe
     0 | D        | bmack86 the Demonspawn Gladiator began the quest for the
                  | Orb.
     0 | D        | Reached XP level 1. HP: 16/16 MP: 1/1
     0 | D        | Noticed a bag of meat
     2 | D        | Noticed a bag of meat
     4 | D        | Became a worshipper of Makhleb the Destroyer
     5 | D        | Killed a bag of meat
     6 | D        | Gained mutation: You regenerate a little health from kills.
                  | [demonic ancestry]
     6 | D        | Reached XP level 2. HP: 40/40 MP: 2/2
     6 | D        | Discovered your monstrous ancestry.
     6 | D        | Gained mutation: You have a pair of small antennae on your
                  | head. [demonic ancestry]
     6 | D        | Reached XP level 3. HP: 46/46 MP: 3/3
     6 | D        | Reached XP level 4. HP: 53/53 MP: 4/4
     6 | D        | Gained mutation: You have a pair of antennae on your head.
                  | [demonic ancestry]
     6 | D        | Reached XP level 5. HP: 59/59 MP: 5/5
     6 | D        | Reached XP level 6. HP: 66/66 MP: 6/6
     6 | D        | Reached XP level 7. HP: 72/72 MP: 7/7
     6 | D        | Gained mutation: You have a small tail. [demonic ancestry]
     6 | D        | Reached XP level 8. HP: 79/79 MP: 8/8
     6 | D        | Gained mutation: You have a pair of large antennae on your
                  | head. (SInv) [demonic ancestry]
     6 | D        | Reached XP level 9. HP: 85/85 MP: 9/9
     6 | D        | Gained mutation: Your touch may inflict minor irresistible
                  | damage on your foes. [demonic ancestry]
     6 | D        | Reached XP level 10. HP: 92/92 MP: 10/10
     6 | D        | Noticed a meat berserker
     7 | D        | Noticed a bag of meat
     7 | D        | Noticed a meat berserker
     9 | D        | Killed a meat berserker
     9 | D        | Reached * piety under Makhleb
     9 | D        | Noticed a bag of meat
     9 | D        | Noticed a bag of meat
    10 | D        | Reached skill level 15 in Axes
    10 | D        | Reached skill level 15 in Throwing
    10 | D        | Reached skill level 15 in Dodging
    10 | D        | Gained mutation: You have a tail ending in a sharp stinger.
                  | [demonic ancestry]
    10 | D        | Reached XP level 11. HP: 106/106 MP: 11/11
    10 | D        | Gained mutation: You regenerate health from kills. [demonic
                  | ancestry]
    10 | D        | Reached XP level 12. HP: 113/113 MP: 12/12
    10 | D        | Killed a bag of meat
    10 | D        | Noticed a bag of meat
    10 | D        | Noticed a meat berserker
    11 | D        | Gained mutation: You regenerate a lot of health from kills.
                  | [demonic ancestry]
    11 | D        | Reached XP level 13. HP: 122/122 MP: 13/13
    11 | D        | Killed a meat berserker
    11 | D        | Noticed a bag of meat
    12 | D        | Killed a bag of meat
    12 | D        | Reached ** piety under Makhleb
    12 | D        | Noticed a meat berserker
    12 | D        | Noticed a bag of meat
    13 | D        | Reached XP level 14. HP: 135/135 MP: 14/14
    13 | D        | Noticed a bag of meat
    13 | D        | Noticed a bag of meat
    14 | D        | Killed a bag of meat
    15 | D        | Killed a bag of meat
    15 | D        | Killed a bag of meat
    15 | D        | Reached *** piety under Makhleb
    15 | D        | Noticed a bag of meat
    16 | D        | Killed a meat berserker
    16 | D        | Noticed a meat berserker
    16 | D        | Noticed a bag of meat
    17 | D        | Gained mutation: Your touch may inflict irresistible damage
                  | on your foes. [demonic ancestry]
    17 | D        | Reached XP level 15. HP: 148/148 MP: 15/15
    17 | D        | Noticed a meat berserker
    17 | D        | Noticed a meat berserker
    19 | D        | Reached **** piety under Makhleb
    20 | D        | Reached skill level 5 in Stealth
    20 | D        | Killed a meat berserker
    20 | D        | Noticed a meat berserker
    20 | D        | Noticed a meat berserker
    21 | D        | Reached skill level 10 in Invocations
    21 | D        | Gained mutation: You are partially covered in sharp spines.
                  | [demonic ancestry]
    21 | D        | Reached XP level 16. HP: 158/158 MP: 15/26
    22 | D        | Killed a meat berserker
    22 | D        | Reached ***** piety under Makhleb
    22 | D        | Killed a meat berserker
    22 | D        | Noticed a destroyer
    23 | D        | Gained mutation: Your touch may irresistibly damage your
                  | foes and sap their willpower. [demonic ancestry]
    23 | D        | Reached XP level 17. HP: 169/169 MP: 15/32
    23 | D        | Killed a meat berserker
    23 | D        | Noticed a large bag of meat
    24 | D        | Noticed a destroyer
    25 | D        | Noticed a large bag of meat
    25 | D        | Killed a destroyer
    25 | D        | Killed a destroyer
    25 | D        | Noticed a large bag of meat
    26 | D        | Reached skill level 27 in Fighting
    26 | D        | Reached skill level 15 in Armour
    26 | D        | Reached skill level 15 in Spellcasting
    26 | D        | Reached XP level 18. HP: 182/182 MP: 16/37
    26 | D        | Killed a large bag of meat
    26 | D        | Reached ****** piety under Makhleb
    26 | D        | Noticed a destroyer
    27 | D        | Noticed a large bag of meat
    28 | D        | Noticed a large bag of meat
    28 | D        | Killed a meat berserker
    28 | D        | Noticed a meat berserker
    29 | D        | Noticed a destroyer
    29 | D        | Noticed a meat berserker
    29 | D        | Noticed a large bag of meat
    30 | D        | Noticed a destroyer
    31 | D        | Noticed a destroyer
    32 | D        | Reached skill level 27 in Axes
    32 | D        | Reached skill level 27 in Throwing
    32 | D        | Reached skill level 27 in Dodging
    32 | D        | Gained mutation: You have a sharp stinger which inflicts
                  | weakening toxins. [demonic ancestry]
    32 | D        | Reached XP level 19. HP: 189/189 MP: 17/42
    32 | D        | Killed a large bag of meat
    33 | D        | Reached skill level 27 in Invocations
    33 | D        | Noticed a destroyer
    33 | D        | Noticed a meat berserker
    35 | D        | Gained mutation: Your hexes are more powerful. [demonic
                  | ancestry]
    35 | D        | Reached XP level 20. HP: 124/197 MP: 18/49
    35 | D        | Killed a destroyer
    36 | D        | Reached skill level 27 in Stealth
    36 | D        | Killed a destroyer
    37 | D        | Reached skill level 27 in Armour
    37 | D        | Reached skill level 27 in Spellcasting
    37 | D        | Gained mutation: Your melee attacks may debilitate your
                  | foes. [demonic ancestry]
    37 | D        | Reached XP level 21. HP: 204/204 MP: 18/52
    40 | D        | Killed a large bag of meat
    40 | D        | Killed a destroyer
    41 | D        | Reached XP level 22. HP: 176/212 MP: 19/53
    42 | D        | Killed a destroyer
    47 | D        | Reached skill level 27 in Polearms
    47 | D        | Reached skill level 27 in Unarmed Combat
    47 | D        | Noticed an accursed
    49 | D        | Reached skill level 5 in Short Blades
    49 | D        | Reached skill level 5 in Long Blades
    49 | D        | Reached skill level 27 in Maces & Flails
    49 | D        | Reached skill level 5 in Staves
    49 | D        | Reached skill level 5 in Ranged Weapons
    49 | D        | Reached skill level 5 in Shields
    49 | D        | Reached skill level 5 in Evocations
    56 | D        | Reached skill level 10 in Evocations
    56 | D        | Gained mutation: You are mostly covered in sharp spines.
                  | [demonic ancestry]
    56 | D        | Reached XP level 23. HP: 219/219 MP: 23/54
    56 | D        | Mangled by a sculptor of flesh

Illustrated notes

Levels and vault maps discovered:
D:        meatsprint

Skill      XL: |  1  2  3  4  5  6  7  8  9 10 11 12 13 14 15 16 17 18 19 20 21 22 |
---------------+-------------------------------------------------------------------+-----
Fighting       | 13 16 17 20 22 23 25 27 | 27.0
Axes           | 12 15 16 18 21 22 23 25 27 | 27.0
Throwing       | 12 15 16 18 21 22 23 25 27 | 27.0
Dodging        | 12 15 16 18 21 22 23 25 27 | 27.0
Armour         | 7 11 15 19 25 27 | 27.0
Stealth        | 7 12 16 21 26 27 | 27.0
Spellcasting   | 6 11 15 19 25 27 | 27.0
Invocations    | 10 16 20 26 27 | 27.0
Maces & Flails | 13 23 27 | 27.0
Polearms       | 13 23 27 | 27.0
Unarmed Combat | 13 23 27 | 27.0
Short Blades   | 9 |  9.7
Long Blades    | 9 |  9.8
Staves         | 9 |  9.7
Ranged Weapons | 9 |  9.8
Shields        | 9 |  9.8
Evocations     | 10 | 10.5

Action                     |  1- 3 |  4- 6 |  7- 9 | 10-12 | 13-15 | 16-18 | 19-21 | 22-24 || total
---------------------------+-------+-------+-------+-------+-------+-------+-------+-------++-------
  Melee: Executioner's axe |     1 |       |       |     2 |     8 |     9 |     7 |     6 ||    33
  Throw: Throwing net      |       |       |       |       |       |       |       |     1 ||     1
    Use: Scroll            |       |       |       |       |       |     1 |       |       ||     1
 Armour: Leather armour    |       |       |       |       |       |       |       |     1 ||     1
  Dodge: Dodged            |       |       |       |       |       |     1 |       |       ||     1

Table legend: (Time is in decaauts)
 A = Elapsed time spent in this place.
 B = Non-inter-level travel time spent in this place.
 C = Inter-level travel time spent in this place.
 D = Time resting spent in this place.
 E = Time spent auto-exploring this place.
 F = Levels seen in this place.
 G = Mean time per level.
                   A        B        C        D        E       F      G
               +--------+--------+--------+--------+--------+-----+--------+
         Total |     49 |     49 |      0 |      0 |      0 |   1 |   49.0 |
       Dungeon |     49 |     49 |      0 |      0 |      0 |   1 |   49.0 |
               +--------+--------+--------+--------+--------+-----+--------+

Top non-repeatable levels by time:
       D: 49 daAuts
